 Dungeon Crawl Stone Soup version 0.29-a0-1016-g236c7fd91e (webtiles) character file.

Game seed: 8270884463632721862

94 Newt the Shooter (level 4, 0/24 HPs)
             Began as a Kobold Hunter on Aug 9, 2022.
             Slain by an orc priest
             ... wielding a +0 hand axe
              (3 damage)
             ... on level 4 of the Dungeon.
             The game lasted 00:02:58 (2365 turns).

Newt the Shooter (Kobold Hunter)                    Turns: 2365, Time: 00:02:59

Health: 0/24       AC:  3    Str:  8    XL:     4   Next: 94%
Magic:  4/4        EV: 14    Int: 10    God:
Gold:   50         SH:  0    Dex: 20    Spells: 3/3 levels left

rFire   . . .      SeeInvis .   a - +0 shortbow
rCold   . . .      Faith    .   (shield currently unavailable)
rNeg    . . .      Spirit   .   c - +0 leather armour
rPois   .          Reflect  .   (helmet restricted)
rElec   .          Harm     .   (no cloak)
rCorr   .          Rampage  .   (no gloves)
Will    .....                   (no boots)
Stlth   ++........              (no amulet)
HPRegen 0.08/turn               (no ring)
MPRegen 0.09/turn               (no ring)

@: confused
A: small, no large weapons, nightstalker 3, horns 1, frail 1
a: no special abilities


You were on level 4 of the Dungeon.
You visited 1 branch of the dungeon, and saw 3 of its levels.

You collected 50 gold pieces.

Inventory:

Hand Weapons
 a - a +0 shortbow (weapon)
Armour
 c - a +0 leather armour (worn)
 e - a +1 helmet
Scrolls
 b - 2 scrolls of immolation
 d - a scroll of teleportation {unknown}
 i - 3 scrolls of identify
 k - a scroll of fog
Potions
 f - a potion of attraction


   Skills:
 + Level 2.6 Fighting
 + Level 7.3 Ranged Weapons
 + Level 0.9 Armour
 - Level 2.4 Dodging
 - Level 1.3 Stealth


You had 3 spell levels left.
You didn't know any spells.
Your spell library was empty.

Dungeon Overview and Level Annotations

Branches:
Dungeon (4/15)
 Temple: D:4-7

Altars:
Cheibriados
Vehumet


Innate Abilities, Weirdness & Mutations

You are small and have problems with some larger weapons.
You are completely attuned to the shadows.
You have a pair of small horns on your head.
You are frail. (-10% HP)


Message History

The orc hits you with a +0 war axe.
The orc priest looks encouraged for a moment.
You shoot an arrow.
The arrow hits the orc but does no damage.
The orc is heavily wounded.
You shoot an arrow. The arrow hits the orc wizard.
The orc wizard is moderately wounded.
You shoot an arrow.
The arrow closely misses the orc wizard.
The arrow hits the orc priest.
The orc priest is lightly wounded.
The orc wizard gestures at you while chanting.
You are confused.
You are too confused!
You are too confused!
Unknown command.
You bump into the rock wall.
The orc wizard hits you but does no damage.
The orc priest mumbles some strange prayers to Beogh against you.
Beogh smites you!
* * * LOW HITPOINT WARNING * * *
You miss the orc wizard.
The orc wizard is moderately wounded.
The orc wizard closely misses you. The orc wizard misses you.
The orc wizard attacks as you move away!
The orc wizard hits you with a +0 dagger.
* * * LOW HITPOINT WARNING * * *
The orc wizard casts a spell at you.
You are more confused.
Unknown command.
You are too confused!
Unknown command.
Okay, then.
The orc wizard hits you with a +0 dagger.
* * * LOW HITPOINT WARNING * * *
The orc priest looks satisfied for a moment.
Unknown command.
The orc priest attacks as you move away!
The orc priest hits you with a +0 hand axe.
You die...

.## ... .... ..# ..# #..
#.#... ..# #.# #.#
#.##.## ..#.
..###†#####.##÷.#####..).
............##..@ooo.o...
####...>........_o######.
####...####.###...#
..###### #.# ###.# #.####
#.# ##.## #....#
#.####...### #.##.#
#..........# ..##.#
######...#.# .###.#
##.##.#


You could see an orc priest, an orc wizard and 2 orcs.

Vanquished Creatures
  An iguana (D:4)
  3 adders
  A dart slug (D:1)
  5 orcs (D:4)
  A ball python (D:1)
  5 bats
  2 endoplasms
  2 giant cockroaches (D:1)
  4 jackals (D:1)
  2 quokkas (D:1)
  3 goblins
  3 kobolds
  A rat (D:1)
33 creatures vanquished.

Notes
Turn   | Place    | Note
-------+----------+-------------------------------------------
     0 | D:1      | Newt the Kobold Hunter began the quest for the Orb.
     0 | D:1      | Reached XP level 1. HP: 12/12 MP: 1/1
   288 | D:1      | Reached XP level 2. HP: 17/17 MP: 2/2
   378 | D:1      | Reached skill level 6 in Ranged Weapons
   568 | D:1      | Reached XP level 3. HP: 21/21 MP: 3/3
  1543 | D:2      | You fall into a shaft and drop 2 floors!
  1543 | D:4      | Found a radiant altar of Vehumet.
  1543 | D:4      | HP: 1/22 [something (21)]
  1601 | D:4      | Reached XP level 4. HP: 6/27 MP: 4/4
  1606 | D:4      | Gained mutation: You are frail. (-10% HP) [potion of
                  | mutation]
  1606 | D:4      | Gained mutation: You have a pair of small horns on your
                  | head. [potion of mutation]
  1611 | D:4      | HP: 1/24 [orc/+0 hand axe (2)]
  1634 | D:4      | HP: 1/24 [orc/+0 hand axe (2)]
  2067 | D:4      | Reached skill level 7 in Ranged Weapons
  2146 | D:4      | Found a snail-covered altar of Cheibriados.
  2365 | D:4      | Slain by an orc priest

Illustrated notes

Levels and vault maps discovered:
D:1:      reono_arrival_mine, layout_basic, nicolae_hexahallways
D:2:      layout_loops_ring
D:4:      layout_loops_ring, nicolae_dithmenos_through_a_glass_darkly,
          cheibriados_altar_1, fiery_altar_vehumet,
          minmay_temple_entry_mini_moons

Skill      XL: |  1  2  3  4 |
---------------+-------------+-----
Ranged Weapons | 6 7 |  7.3
Fighting       | |  2.6
Armour         | |  0.9
Dodging        | |  2.4
Stealth        | |  1.3

Action                   |  1- 3 |  4- 6 || total
-------------------------+-------+-------++-------
Melee: Shortbow          |       |     1 ||     1
 Fire: Shortbow          |    51 |    33 ||    84
  Use: Scroll            |     4 |       ||     4
       Potion            |       |     2 ||     2
Armor: Leather armour    |     6 |     4 ||    10
Dodge: Dodged            |    27 |    19 ||    46

Table legend: (Time is in decaauts)
 A = Elapsed time spent in this place.
 B = Non-inter-level travel time spent in this place.
 C = Inter-level travel time spent in this place.
 D = Time resting spent in this place.
 E = Time spent auto-exploring this place.
 F = Levels seen in this place.
 G = Mean time per level.
                   A        B        C        D        E       F      G
               +--------+--------+--------+--------+--------+-----+--------+
         Total |   2384 |   2298 |     86 |    699 |   1406 |   3 |  794.7 |
       Dungeon |   2384 |   2298 |     86 |    699 |   1406 |   3 |  794.7 |
               +--------+--------+--------+--------+--------+-----+--------+

Top non-repeatable levels by time:
     D:1: 1196 daAuts
     D:4: 829 daAuts
     D:2: 358 daAuts
